 Dungeon Crawl Stone Soup version 0.30-a0-630-g881e3bac89 (webtiles) character file.

Game seed: 9089794734847583171

266 Citaku the Covered (level 6, -3/53 HPs)
             Began as a Minotaur Fighter on Jan 13, 2023.
             Succumbed to a kobold brigand's poison
             ... on level 3 of the Dungeon.
             The game lasted 00:03:43 (2689 turns).

Citaku the Covered (Minotaur Fighter)               Turns: 2689, Time: 00:03:43

Health: -3/53      AC: 20    Str: 23    XL:     6   Next: 0%
Magic:  4/5        EV:  6    Int:  5    God:
Gold:   105        SH:  4    Dex:  9    Spells: 5/5 levels left

rFire   + . .      SeeInvis .    a - +0 war axe
rCold   . . .      Faith    .    c - +0 buckler
rNeg    . . .      Spirit   +    x - +0 plate armour
rPois   .          Reflect  .    (helmet restricted)
rElec   .          Harm     .    (no cloak)
rCorr   .          Rampage  .    (no gloves)
Will    .....                    (no boots) Stlth
                                 y - amulet of guardian spirit
HPRegen 0.28/turn                i - +4 ring of protection
MPRegen 0.09/turn                s - +4 ring of protection

@: mighty, lethally poisoned (-3 -> -32)
A: horns 2, retaliatory headbutt, fire resistance 1
a: no special abilities


You were on level 3 of the Dungeon.
You visited 1 branch of the dungeon, and saw 3 of its levels.

You collected 105 gold pieces.

Inventory:

Hand Weapons
 a - a +0 war axe (weapon)
Armour
 c - a +0 buckler (worn)
 x - a +0 plate armour (worn)
Jewellery
 i - a +4 ring of protection (left hand)
 s - a +4 ring of protection (right hand)
 y - an amulet of guardian spirit (around neck)
Wands
 o - a wand of flame (11)
 p - a wand of polymorph (5)
Scrolls
 f - a scroll of enchant armour {unknown}
 j - a scroll of summoning {unknown}
 l - a scroll of amnesia {unknown}
 m - a scroll of identify {unknown}
 n - a scroll of fog {unknown}
 t - 2 scrolls of torment {unknown}
 u - a scroll of immolation {unknown}
 v - a scroll of poison {unknown}
 w - 2 scrolls of vulnerability {unknown}
Potions
 b - 2 potions of brilliance {unknown}
 e - a potion of invisibility {unknown}
 g - a potion of lignification {unknown}
 k - 2 potions of mutation
 q - a potion of degeneration {unknown}
 r - a potion of haste {unknown}
 z - a potion of flight {unknown}
 A - a potion of attraction {unknown}
 B - a potion of heal wounds {unknown}


   Skills:
 + Level 4.6 Fighting
 * Level 4.8 Axes
 * Level 5.5 Armour
 + Level 4.6 Shields


You had 5 spell levels left.
You didn't know any spells.
Your spell library contained the following spells:

 Spells                   Type           Power      Damage    Failure   Level
 Summon Small Mammal      Summ           0%         N/A       100%        1
 Call Canine Familiar     Summ           0%         N/A       100%        3
 Gell's Gravitas          Tloc           0%         N/A       100%        3
 Ozocubu's Armour         Ice            0%         N/A       100%        3
 Summon Guardian Golem    Hex/Summ       0%         N/A       100%        3
 Teleport Other           Tloc           0%         N/A       100%        3
 Dispersal                Tloc           0%         N/A       100%        6
 Ozocubu's Refrigeration  Ice            0%         4d7       100%        7


Dungeon Overview and Level Annotations

Branches:
Dungeon (3/15)

Altars:
Hepliaklqana
Kikubaaqudgha
Xom
Yredelemnul
The Shining One


Innate Abilities, Weirdness & Mutations

You have a pair of horns on your head.
You reflexively headbutt those who attack you in melee.
Your flesh is heat resistant. (rF+)


Message History

You hit the kobold brigand.
The kobold brigand is lightly wounded.
* * * LOW HITPOINT WARNING * * *
You feel extremely sick.
The kobold brigand hits you but does no damage.
You are more poisoned.
It was a potion of mutation.
You feel extremely strange.
You feel resistant to heat.
* * * LOW HITPOINT WARNING * * *
You feel extremely sick.
The kobold brigand hits you but does no damage.
It was a potion of curing.
You feel better.
The kobold brigand hits you with a +0 dagger of venom.
* * * LOW HITPOINT WARNING * * *
You are poisoned.
You feel better.
The kobold brigand hits you but does no damage.
You are poisoned.
You feel very mighty all of a sudden.
You feel sick.
The kobold brigand hits you with a +0 dagger of venom.
* * * LOW HITPOINT WARNING * * *
You are more poisoned.
You slash the kobold brigand!
The kobold brigand is severely wounded.
* * * LOW HITPOINT WARNING * * *
You feel very sick.
The kobold brigand hits you but does no damage.
You are lethally poisoned!
You closely miss the kobold brigand.
The kobold brigand is severely wounded.
* * * LOW HITPOINT WARNING * * *
You feel very sick.
The kobold brigand hits you but does no damage.
You are more poisoned.
The kobold brigand hits you but does no damage.
You are more poisoned.
You barely miss the kobold brigand.
The kobold brigand is severely wounded.
You die...

#~##.##.# #.#....
..#~ #.##.# #.###.#
# .## #.##.# #.#
#.# #~ ..# #. #.#
#.# #.# #~~ ..##
... ..# #.#
##~~##..# #.# #.#
#~~≈≈#..#
#.#######.#
#~~≈≈#K)#
#.#........
#@.#####.#.#####.#
##))#..............
#..##.###.#..#.##..
#.)##.# #.#..#.##..
#..##.# #)#........
#..##.# #.#.##.##..
#..##.# #..........
#.....# ###.##.##.#
#####.#####[##.##.#


You could see a kobold brigand.

Vanquished Creatures
  Grinder (D:3)
  4 gnolls (D:2)
  5 endoplasms
  3 goblins
  6 hobgoblins
  A quokka (D:3)
  4 ball pythons
  6 bats
  12 kobolds
  2 rats
44 creatures vanquished.

Notes
Turn   | Place    | Note
-------+----------+-------------------------------------------
     0 | D:1      | Citaku the Minotaur Fighter began the quest for the Orb.
     0 | D:1      | Reached XP level 1. HP: 19/19 MP: 0/0
   129 | D:1      | Reached XP level 2. HP: 25/27 MP: 1/1
   319 | D:1      | Reached skill level 4 in Armour
  1081 | D:2      | Reached XP level 3. HP: 27/33 MP: 2/2
  2113 | D:3      | Reached XP level 4. HP: 40/40 MP: 3/3
  2141 | D:3      | Noticed Grinder
  2156 | D:3      | Paralysed by Grinder for 5 turns
  2162 | D:3      | Killed Grinder
  2163 | D:3      | Reached skill level 5 in Armour
  2163 | D:3      | Reached XP level 5. HP: 10/47 MP: 4/4
  2337 | D:3      | Found a hazy altar of Hepliaklqana.
  2339 | D:3      | Found a basalt altar of Yredelemnul.
  2339 | D:3      | Found an ancient bone altar of Kikubaaqudgha.
  2340 | D:3      | Found a shimmering altar of Xom.
  2340 | D:3      | Found a glowing golden altar of the Shining One.
  2682 | D:3      | Reached XP level 6. HP: 26/53 MP: 5/5
  2683 | D:3      | Gained mutation: Your flesh is heat resistant. (rF+)
                  | [potion of mutation]
  2689 | D:3      | Succumbed to a kobold brigand's poison

Illustrated notes

Levels and vault maps discovered:
D:1:      dpeg_arrival_connections, layout_basic, hangedman_decor_diamond_cutter
D:2:      layout_basic, minmay_misc_feat_iff, chequers_serial_rivers_micro_e,
          kennysheep_donut
D:3:      cheibrodos_thug_alley, layout_basic, fedhas_altar_3,
          grunt_temple_overflow_open, uniq_grinder

Skill      XL: |  1  2  3  4 |
---------------+-------------+-----
Armour         | 4 5 |  5.5
Axes           | 3 4 |  4.8
Shields        | 4 |  4.6
Fighting       | 4 |  4.6

Action                   |  1- 3 |  4- 6 || total
-------------------------+-------+-------++-------
Melee: War axe           |    58 |    32 ||    90
       Headbutt          |    10 |     6 ||    16
  Use: Potion            |       |     5 ||     5
Armor: Scale mail        |    39 |       ||    39
       Plate armour      |       |    31 ||    31
Dodge: Dodged            |    35 |     4 ||    39
Block: Buckler           |    20 |     7 ||    27

Table legend: (Time is in decaauts)
 A = Elapsed time spent in this place.
 B = Non-inter-level travel time spent in this place.
 C = Inter-level travel time spent in this place.
 D = Time resting spent in this place.
 E = Time spent auto-exploring this place.
 F = Levels seen in this place.
 G = Mean time per level.
                   A        B        C        D        E       F      G
               +--------+--------+--------+--------+--------+-----+--------+
         Total |   2722 |   2679 |     43 |    134 |   2117 |   3 |  907.3 |
       Dungeon |   2722 |   2679 |     43 |    134 |   2117 |   3 |  907.3 |
               +--------+--------+--------+--------+--------+-----+--------+

Top non-repeatable levels by time:
     D:2: 1252 daAuts
     D:1: 776 daAuts
     D:3: 693 daAuts
